 Dungeon Crawl Stone Soup version 0.31-a0-196-g86fe4a5e66 (webtiles) character file.

Game seed: 2425643260732870241

129 innerfire43 the Chopper (level 4, -4/37 HPs)
             Began as a Demonspawn Monk on June 24, 2023.
             Slain by an ice beast (12 damage)
             ... on level 4 of the Dungeon.
             The game lasted 00:03:34 (2811 turns).

innerfire43 the Chopper (Demonspawn Monk)           Turns: 2811, Time: 00:03:35

Health: -4/37      AC:  3    Str: 13    XL:     4   Next: 88%
Magic:  4/4        EV:  8    Int: 12    God:
Gold:   143        SH:  0    Dex: 15    Spells: 3/3 levels left

rFire   . . .        a - +0 hand axe
rCold   . . .        g - +0 tower shield
rNeg    + . .        b - +1 robe
rPois   .            (no helmet)
rElec   .            (no cloak)
rCorr   .            (no gloves)
SInv    .            (no boots)
Will    .....        (no amulet)
Stlth   +            r - ring of flight
HPRegen 0.26/turn    u - ring of positive energy
MPRegen 0.09/turn

%: no passive effects
@: confused, ambrosia-drunk, flying
A: spiny 1, demonic magic 1
a: no special abilities


You were on level 4 of the Dungeon.
You visited 1 branch of the dungeon, and saw 4 of its levels.

You collected 143 gold pieces.

Inventory:

Hand Weapons
 a - a +0 hand axe (weapon)
Armour
 b - a +1 robe (worn)
 d - an orb of light
 g - a +0 tower shield (worn)
Magical Staves
 h - a staff of fire
Jewellery
 r - a ring of flight (left hand)
 u - a ring of positive energy (right hand)
Wands
 e - a wand of polymorph (7)
 s - a wand of charming (8)
Scrolls
 f - 2 scrolls of noise
 i - a scroll of amnesia
 o - a scroll of fear
Potions
 c - a potion of ambrosia
 j - a potion of attraction {unknown}
 k - 2 potions of haste {unknown}
 l - a potion of cancellation {unknown}
 m - 2 potions of lignification {unknown}
 n - 2 potions of heal wounds {unknown}


   Skills:
 + Level 3.7 Fighting
 + Level 4.0 Axes
 + Level 3.4 Dodging
 * Level 0.9 Shields


You had 3 spell levels left.
You didn't know any spells.
Your spell library contained the following spells:

 Spells                   Type           Power      Damage    Failure   Level
 Ozocubu's Armour         Ice            0%         N/A       100%        3
 Metabolic Englaciation   Hex/Ice        0%         N/A       100%        5
 Simulacrum               Ice/Necr       0%         N/A       100%        6


Dungeon Overview and Level Annotations

Branches:
Dungeon (4/15)             Temple (0/1) D:4

Altars:

Shops:
D:3 (


Innate Abilities, Weirdness & Mutations

You are partially covered in sharp spines.
Spells you cast may paralyse adjacent enemies.


Message History

The orc hits you with a +0 hand axe. You block the orc's attack.
Your Axes skill increases to level 4!
You hit the orc.
The orc is severely wounded.
You hit the ice beast but do no damage. The ice beast closely misses you.
The orc hits you but does no damage. The ice beast is struck by your spines.
The ice beast hits you but does no damage.
You block the orc's attack.
You hit the orc but do no damage.
The orc is severely wounded.
You hit the ice beast. You block the ice beast's attack.
The orc wizard mumbles some strange words.
The orc wizard flickers and vanishes!
Deactivating autopickup; reactivate with Ctrl-A.
The orc is struck by your spines.
You kill the orc!
You barely miss the ice beast.
The ice beast is lightly wounded.
The ice beast hits you. The ice beast freezes you!
* * * LOW HITPOINT WARNING * * *
The ice beast barely misses you. The goblin is struck by your spines.
The goblin barely misses you.
You are too injured to fight recklessly!
You are too injured to fight recklessly!
Unknown command.
You are confused.
You feel invigorated. The goblin barely misses you.
The ice beast is struck by your spines.
The ice beast hits you but does no damage.
You bump into the rock wall.
The goblin is struck by your spines.
You kill the goblin!
The ice beast hits you. The ice beast freezes you!
* * * LOW HITPOINT WARNING * * *
You closely miss the ice beast.
The ice beast is moderately wounded.
You barely miss the white imp. The white imp barely misses you.
The ice beast hits you.
* * * LOW HITPOINT WARNING * * *
The ice beast freezes you!
You die...

.. . #... . ..#..... .. ##......
...... ... ...#.. ..... ..
..##.... .... .. ...#...{. ...
.#. .....S5Y# .. #.. #@# .# #.#
#)## ....... .###.###.. #).#
........ .........#
##.#####..#...#... ##.#.#####
#.#.....##...#.⌠. ##.#.#
#####...######.###... ##...#
###.......# ##.......
###..######...#####.#####...⌠..>.
.....##.....#...........)........


You could see an ice beast, a white imp and a ball python.

Vanquished Creatures
  A jelly (D:4)
  An adder (D:4)
  4 worms
  A dart slug (D:1)
  8 orcs
  6 endoplasms
  2 giant cockroaches (D:1)
  5 goblins
  7 hobgoblins
  7 jackals
  A quokka (D:2)
  4 ball pythons
  7 bats
  4 kobolds
  5 rats
63 creatures vanquished.

Notes
Turn   | Place    | Note
-------+----------+-------------------------------------------
     0 | D:1      | innerfire43 the Demonspawn Monk began the quest for the
                  | Orb.
     0 | D:1      | Reached XP level 1. HP: 18/18 MP: 1/1
   257 | D:1      | Reached skill level 3 in Axes
   257 | D:1      | Gained mutation: Spells you cast may paralyse adjacent
                  | enemies. [demonic ancestry]
   257 | D:1      | Reached XP level 2. HP: 24/24 MP: 2/2
   298 | D:1      | You fall into a shaft and drop 1 floor!
  1252 | D:2      | Gained mutation: You are partially covered in sharp spines.
                  | [demonic ancestry]
  1252 | D:2      | Reached XP level 3. HP: 16/29 MP: 3/3
  1800 | D:3      | Identified the +12 sling of Kawokohu {speed, Int+4 Stlth+}
  2151 | D:3      | Found Guunweosm's Antique Weapon Emporium.
  2169 | D:3      | Reached XP level 4. HP: 33/35 MP: 4/4
  2735 | D:4      | Found a staircase to the Ecumenical Temple.
  2792 | D:4      | Noticed an ice beast
  2806 | D:4      | Reached skill level 4 in Axes
  2811 | D:4      | Slain by an ice beast

Illustrated notes

Levels and vault maps discovered:
D:1:      tarquinn_simple_flora_water_e, layout_basic, chequers_decorated_corner
D:2:      layout_basic, grunt_ministairs_3, fountainhead
D:3:      layout_loops_ring, serial_shops, nicolae_shop_hallway_plus,
          nicolae_hexahallways, minmay_misc_feat_four_crosses
D:4:      layout_rooms, minmay_temple_entry_junction_2, uniq_edmund

Skill      XL: |  1  2  3  4 |
---------------+-------------+-----
Axes           | 3 4 |  4.0
Dodging        | 3 |  3.4
Fighting       | |  3.7
Shields        | |  0.9

Action                     |  1- 3 |  4- 6 || total
---------------------------+-------+-------++-------
  Melee: Hand axe          |   105 |    32 ||   137
    Use: Scroll            |       |     6 ||     6
         Potion            |       |     2 ||     2
 Armour: Robe              |    13 |     9 ||    22
  Dodge: Dodged            |    60 |    26 ||    86
  Block: Tower shield      |       |     8 ||     8

Table legend: (Time is in decaauts)
 A = Elapsed time spent in this place.
 B = Non-inter-level travel time spent in this place.
 C = Inter-level travel time spent in this place.
 D = Time resting spent in this place.
 E = Time spent auto-exploring this place.
 F = Levels seen in this place.
 G = Mean time per level.
                   A        B        C        D        E       F      G
               +--------+--------+--------+--------+--------+-----+--------+
         Total |   2834 |   2758 |     76 |      0 |   2302 |   4 |  708.5 |
       Dungeon |   2834 |   2758 |     76 |      0 |   2302 |   4 |  708.5 |
               +--------+--------+--------+--------+--------+-----+--------+

Top non-repeatable levels by time:
     D:3: 985 daAuts
     D:1: 939 daAuts
     D:2: 755 daAuts
     D:4: 153 daAuts
